 Dungeon Crawl Stone Soup version 0.26-a0-690-gcb57259078 (webtiles) character file.

Game seed: 12169042056483237118

2544 runemasterragnar the Sneak (level 9, -10/54 HPs)
             Began as a Kobold Enchanter on Oct 24, 2020.
             Was a Believer of Okawaru.
             Mangled by a cyclops (32 damage)
             ... on level 7 of the Dungeon.
             The game lasted 00:12:26 (11047 turns).

runemasterragnar the Sneak (Kobold Enchanter)      Turns: 11047, Time: 00:12:27

Health: -10/54     AC:  2    Str:  6    XL:     9   Next: 85%
Magic:  13/16      EV: 19    Int: 17    God:    Okawaru [**....]
Gold:   309        SH:  0    Dex: 17    Spells: 6/18 levels left

rFire    . . .     SeeInvis .   i - +2 short sword (elec)
rCold    . . .     Faith    .   (shield restricted)
rNeg     . . .     Spirit   .   b - +0 robe
rPois    .         Reflect  .   (no helmet)
rElec    .         Harm     .   (no cloak)
rCorr    .         Rampage  .   (no gloves)
MR       .....                  (no boots)
Stlth    +++++.....             (no amulet)
HPRegen  0.18/turn              (no ring)
MPRegen  0.15/turn              (no ring)

@: no status effects
A: small, nightstalker 3
a: Heroism, Renounce Religion


You were on level 7 of the Dungeon.
You worshipped Okawaru.
Okawaru was pleased with you.
You visited 2 branches of the dungeon, and saw 8 of its levels.

You collected 309 gold pieces.

Inventory:

Hand Weapons
 i - a +2 short sword of electrocution (weapon)
 l - a +1 dagger of venom
 q - a +1 whip of venom
 t - a +1 falchion of flaming
 y - a +2 short sword of draining
Missiles
 a - 50 bolts
 d - 16 boomerangs (quivered)
 h - 39 poisoned darts
Armour
 b - a +0 robe (worn)
 e - a +0 buckler
 k - a +0 ring mail
Wands
 o - a wand of random effects (16)
 A - a wand of iceblast (9)
Scrolls
 n - 2 scrolls of enchant weapon
 r - 2 scrolls of teleportation
 v - 3 scrolls of identify
 w - a scroll of fog {unknown}
 x - a scroll of amnesia {unknown}
 B - a scroll of magic mapping
 C - a scroll of remove curse
Potions
 c - a potion of degeneration {unknown}
 g - a potion of mutation {unknown}
 j - a potion of might
 m - a potion of cancellation {unknown}
 u - a potion of curing
 z - 2 potions of flight {unknown}


   Skills:
 + Level 5.0 Fighting
 + Level 6.0 Short Blades
 + Level 6.1 Dodging
 + Level 7.7 Stealth
 - Level 0.1 Shields
 + Level 5.0 Spellcasting
 + Level 2.9 Conjurations
 * Level 6.3 Hexes
 + Level 2.7 Ice Magic


You had 6 spell levels left.
You knew the following spells:

 Your Spells              Type           Power        Failure   Level
a - Corona                Hex            ####...      1%          1
b - Ensorcelled Hibernat  Hex/Ice        ###...       3%          2
c - Confusing Touch       Hex            ####....     3%          3
d - Tukima's Dance        Hex            ####....     3%          3
e - Dazzling Flash        Conj/Hex       ###...       6%          3

Your spell library contained the following spells:

 Spells                   Type           Power        Failure   Level


Dungeon Overview and Level Annotations

Branches:
Dungeon (7/15)             Temple (1/1) D:5

Altars:
Ashenzari
Cheibriados
Dithmenos
Elyvilon
Fedhas
Gozag
Hepliaklqana
Kikubaaqudgha
Nemelex Xobeh
Okawaru
Qazlal
Sif Muna
Trog
Uskayaw
Vehumet
Wu Jian
Yredelemnul
Zin
The Shining One


Innate Abilities, Weirdness & Mutations

You are small and have problems with some larger weapons.
You are completely attuned to the shadows.


Message History

A cyclops comes into view.
Found an amethyst potion.
A cyclops is nearby!
A bullfrog skeleton comes into view.
The cyclops shouts!
The cyclops hits you!!
Ouch! That really hurt!
Unknown command.
Casting: Dazzling Flash (dangerous; 6% risk of failure)
Confirm with . or Enter, or press ? or * to list all spells.
Unknown command.
Unknown command.
Okay, then.
Okay, then.
As you read the scroll of fear, it crumbles to dust.
You assume a fearsome visage.
The bullfrog skeleton is unaffected.
The cyclops resists with almost no effort.
The cyclops hits you!!
Ouch! That really hurt!
You die...

......# #...#......#..# #.###.
...##.#####..##..##..##.####.##..
##.##........#..# ##..#.#........
##.#########.# ..#.#....###. ##.#
#.##..##..##.#....##..
#.#..#......#..#....##..
#....##.Z..##..#######..
####..#.C..#..## #..
?.....@......†# #..
####.########.## #.. #.# #..# #.<
#?# ##.######.. #.# #.........
#......... #......[#. #.......#.
##......#.


You could see a cyclops and a bullfrog skeleton.

Vanquished Creatures
  Grinder (D:4)
  A dancing weapon (D:6)
  Duvessa (D:6)
  3 phantoms
  An orc warrior (D:7)
  An ice beast (D:7)
  3 ogres
  3 centaurs
  A big kobold (D:7)
  3 bullfrogs
  A wyvern zombie (D:4)
  Dowan (D:6)
  A scorpion (D:5)
  A bullfrog zombie (D:5)
  2 hounds (D:4)
  A jelly (D:6)
  5 orc wizards
  2 centaur skeletons
  4 orc priests
  Terence (D:3)
  2 iguanas (D:4)
  4 worker ants
  A worker ant zombie (D:6)
  3 gnolls (D:4)
  5 adders
  2 shadow imps
  A white imp (D:6)
  An ooze (D:1)
  An adder skeleton (D:4)
  2 worms
  A leopard gecko (D:4)
  38 orcs
  A ball python (D:3)
  7 bats
  8 giant cockroaches
  6 hobgoblins
  3 jackals (D:6)
  9 kobolds
  9 quokkas
  3 frilled lizards
  17 goblins
  A jackal skeleton (D:4)
  6 rats
168 creatures vanquished.

Vanquished Creatures (collateral kills)
  A jelly (D:4)
  A gnoll (D:4)
2 creatures vanquished.

Vanquished Creatures (others)
  A dancing weapon (D:4)
1 creature vanquished.

Grand Total: 171 creatures vanquished

Notes
Turn   | Place    | Note
-------+----------+-------------------------------------------
     0 | D:1      | runemasterragnar the Kobold Enchanter began the quest for
                  | the Orb.
     0 | D:1      | Reached XP level 1. HP: 10/10 MP: 3/3
    85 | D:1      | Reached XP level 2. HP: 16/16 MP: 5/5
   492 | D:1      | Reached XP level 3. HP: 18/20 MP: 4/6
   892 | D:1      | Reached skill level 1 in Fighting
   897 | D:1      | Learned a level 2 spell: Ensorcelled Hibernation
   901 | D:1      | Learned a level 3 spell: Confusing Touch
  1663 | D:2      | Found a hazy altar of Hepliaklqana.
  1740 | D:2      | Reached XP level 4. HP: 25/25 MP: 7/7
  2252 | D:2      | Found an opulent altar of Gozag.
  2690 | D:3      | Found an opulent altar of Gozag.
  3037 | D:3      | Reached XP level 5. HP: 30/30 MP: 9/9
  3087 | D:3      | Found a broken altar of Ashenzari.
  3091 | D:3      | Noticed Terence
  3111 | D:3      | Killed Terence
  3521 | D:3      | Found a glowing silver altar of Zin.
  3618 | D:3      | You fall into a shaft and drop 3 floors!
  3618 | D:6      | Found a white marble altar of Elyvilon.
  3648 | D:6      | Noticed an ogre
  3655 | D:6      | Killed an ogre
  3655 | D:6      | Reached skill level 5 in Stealth
  3655 | D:6      | Reached XP level 6. HP: 12/35 MP: 10/10
  4208 | D:5      | Entered Level 5 of the Dungeon
  4667 | D:4      | Noticed an ogre
  4674 | D:4      | Killed an ogre
  4709 | D:4      | Found a shadowy altar of Dithmenos.
  5307 | D:4      | Reached XP level 7. HP: 23/40 MP: 12/12
  5698 | D:4      | Noticed Grinder
  5714 | D:4      | Killed Grinder
  5913 | D:4      | Reached skill level 6 in Stealth
  6248 | D:4      | Reached XP level 8. HP: 23/46 MP: 12/14
  6377 | D:4      | Learned a level 3 spell: Tukima's Dance
  6381 | D:4      | Learned a level 3 spell: Dazzling Flash
  6640 | D:5      | Found a staircase to the Ecumenical Temple.
  6648 | Temple   | Entered the Ecumenical Temple
  6719 | Temple   | Became a worshipper of Warmaster Okawaru
  7090 | D:5      | Found a radiant altar of Vehumet.
  7149 | D:5      | Reached skill level 5 in Dodging
  7149 | D:5      | Reached skill level 1 in Ice Magic
  7208 | D:5      | Reached skill level 1 in Conjurations
  7550 | D:5      | Reached skill level 5 in Hexes
  7846 | D:6      | Reached skill level 5 in Short Blades
  8245 | D:6      | Noticed Dowan
  8246 | D:6      | Noticed Duvessa
  8261 | D:6      | Killed Duvessa
  8261 | D:6      | Reached XP level 9. HP: 45/52 MP: 6/15
  8267 | D:6      | Killed Dowan
  8267 | D:6      | Reached * piety under Okawaru
  8420 | D:6      | Reached skill level 7 in Stealth
 10611 | D:7      | Reached ** piety under Okawaru
 10611 | D:7      | Reached skill level 5 in Spellcasting
 10915 | D:7      | Reached skill level 5 in Fighting
 11043 | D:7      | Noticed a cyclops
 11047 | D:7      | Mangled by a cyclops

Illustrated notes

Levels and vault maps discovered:
D:1:      co_arrival_random_square_maze, layout_basic
D:2:      cheibrodos_greedy_goblins, layout_basic,
          lemuel_coloured_pillars_altar, nicolae_overflow_hidden_temple
D:3:      layout_loops_cross, overflow_temple_1_default, zin_statuary,
          grunt_gozag_statues, uniq_terence
D:4:      layout_cave_pods, old_standard_altar, kennysheep_generic_room_16,
          uniq_grinder
D:5:      layout_loops_cross, vehumet_crystals, minmay_temple_entry_wispy
D:6:      layout_loops_corners, kennysheep_little_box, uniq_duvessa
D:7:      layout_basic, minmay_misc_feat_iff
Temple:   nicolae_temple_great_sept

Skill      XL: |  1  2  3  4  5  6  7  8  9 |
---------------+----------------------------+-----
Short Blades   | 2 3 4 5 6 |  6.0
Fighting       | 1 2 3 4 5 |  5.0
Dodging        | 3 4 5 6 |  6.1
Spellcasting   | 3 4 5 |  5.0
Stealth        | 5 6 7 |  7.7
Hexes          | 4 5 6 |  6.3
Ice Magic      | 1 2 |  2.7
Conjurations   | 1 2 |  2.9
Shields        | |  0.1

Action                   |  1- 3 |  4- 6 |  7- 9 || total
-------------------------+-------+-------+-------++-------
Melee: Dagger            |    92 |   151 |    74 ||   317
       Short sword       |    11 |    10 |   229 ||   250
Throw: Boomerang         |    15 |     1 |       ||    16
 Cast: Corona            |    11 |     6 |       ||    17
       Confusing Touch   |       |     2 |     3 ||     5
       Tukima's Dance    |       |       |     7 ||     7
       Dazzling Flash    |       |       |     2 ||     2
  Use: Scroll            |     3 |     3 |     7 ||    13
       Potion            |       |       |     6 ||     6
 Stab: Sleeping          |    12 |    10 |    20 ||    42
       Distracted        |       |     1 |     3 ||     4
       Confused          |       |     1 |     4 ||     5
       Invisible         |       |       |     1 ||     1
Armor: Robe              |    15 |    17 |    10 ||    42
       Skin              |       |       |    57 ||    57
Dodge: Dodged            |    74 |    86 |   161 ||   321
Block: Buckler           |       |     4 |       ||     4

Table legend: (Time is in decaauts)
 A = Elapsed time spent in this place.
 B = Non-inter-level travel time spent in this place.
 C = Inter-level travel time spent in this place.
 D = Time resting spent in this place.
 E = Time spent auto-exploring this place.
 F = Levels seen in this place.
 G = Mean time per level.
                   A        B        C        D        E       F      G
               +--------+--------+--------+--------+--------+-----+--------+
         Total |  10940 |  10606 |    334 |   2248 |   6925 |   8 | 1367.5 |
       Dungeon |  10856 |  10522 |    334 |   2248 |   6875 |   7 | 1550.9 |
        Temple |     83 |     83 |      0 |      0 |     50 |   1 |   83.0 |
               +--------+--------+--------+--------+--------+-----+--------+

Top non-repeatable levels by time:
     D:4: 2834 daAuts
     D:3: 1932 daAuts
     D:6: 1663 daAuts
     D:1: 1312 daAuts
     D:5: 1218 daAuts
     D:2: 1087 daAuts
     D:7: 808 daAuts
  Temple: 83 daAuts
